 Dungeon Crawl Stone Soup version 0.23.0 (webtiles) character file.

Game seed: 16236112574144235973

2980 dvd the Magician (level 9, -2/71 HPs)
             Began as a Gnoll Skald on Feb 16, 2019.
             Was a Follower of Ashenzari.
             Slain by a killer bee (10 damage)
             ... on level 8 of the Dungeon.
             The game lasted 00:24:21 (6834 turns).

dvd the Magician (Gnoll Skald)                      Turns: 6834, Time: 00:24:22

Health: -2/71      AC:  8    Str: 16    XL:     9   Next: 83%
Magic:  13/19      EV: 26    Int: 20    God:    Ashenzari [*.....]
Gold:   384        SH:  0    Dex: 20    Spells: 7/21 levels left

rFire    + . .     SeeInvis .   a - +0 war axe
rCold    + . .     Gourm    +   (no shield)
rNeg     . . .     Faith    .   e - +0 ring mail
rPois    .         Spirit   .   y - +0 helmet
rElec    .         Reflect  .   t - scarf {rC+ rF+} (curse)
rCorr    .         Harm     .   (no gloves)
MR       .....                  J - +0 pair of boots
Stlth    +++.......             L - amulet of the gourmand
HPRegen  1.21/turn              n - +6 ring of evasion (curse)
MPRegen  0.16/turn              N - +4 ring of intelligence

@: agile, lethally poisoned (-2 -> -2), singing, regenerating
A: distributed training, fangs 1, strong nose
a: Curse Item, Scrying, Renounce Religion


You were on level 8 of the Dungeon.
You worshipped Ashenzari.
Ashenzari was aware of your devotion.
You were not hungry.

You visited 2 branches of the dungeon, and saw 9 of its levels.

You collected 384 gold pieces.

Inventory:

Hand Weapons
 a - a +0 war axe (weapon)
 b - a +1 flail of protection
 c - a +1 spear of flaming
 d - a +1 whip of freezing
 r - a +1 trident of piercing
 I - a +0 short sword of venom
Armour
 e - a +0 ring mail (worn)
 p - a +0 cloak
 t - a cursed scarf of resistance (worn)
 y - a +0 helmet (worn)
 J - a +0 pair of boots (worn)
Jewellery
 l - an uncursed ring of protection from magic
 n - a cursed +6 ring of evasion (left hand)
 B - an uncursed ring of resist corrosion
 C - an uncursed ring of protection from fire
 L - an amulet of the gourmand (around neck)
 N - a +4 ring of intelligence (right hand)
 O - an uncursed ring of protection from magic
 Q - an uncursed amulet of rage
Wands
 k - a wand of iceblast (11)
 R - a wand of digging (6)
Scrolls
 f - 10 scrolls of remove curse
 g - 7 scrolls of identify
 h - 2 scrolls of amnesia {unknown}
 m - 5 scrolls of teleportation {unknown}
 o - 2 scrolls of enchant weapon {unknown}
 q - 3 scrolls of fear {unknown}
 s - 5 scrolls of enchant armour {unknown}
 u - 2 scrolls of random uselessness {unknown}
 D - a scroll of fog {unknown}
 E - a scroll of torment {unknown}
 H - 5 scrolls of immolation {unknown}
 K - a scroll of noise {unknown}
 M - a scroll of silence {unknown}
 P - a scroll of blinking {unknown}
Potions
 i - a potion of curing
 j - 2 potions of flight {unknown}
 v - a potion of berserk rage {unknown}
 w - a potion of experience {unknown}
 x - a potion of ambrosia {unknown}
 z - a potion of lignification {unknown}
 F - a potion of resistance {unknown}
Comestibles
 A - 12 rations


   Skills:
 + Level 6.5 Fighting
 + Level 4.5 Short Blades
 + Level 4.5 Long Blades
 + Level 6.5 Axes
 + Level 4.5 Maces & Flails
 + Level 4.5 Polearms
 + Level 4.5 Staves
 + Level 4.5 Slings
 + Level 4.5 Bows
 + Level 4.5 Crossbows
 + Level 4.5 Throwing
 + Level 5.3 Armour
 + Level 6.5 Dodging
 + Level 4.5 Stealth
 + Level 4.5 Shields
 + Level 4.5 Unarmed Combat
 + Level 6.8 Spellcasting
 + Level 3.7 Conjurations
 + Level 3.7 Hexes
 + Level 6.7 Charms
 + Level 3.7 Summonings
 + Level 3.7 Necromancy
 + Level 3.7 Translocations
 + Level 3.7 Transmutations
 + Level 3.7 Fire Magic
 + Level 3.7 Ice Magic
 + Level 3.7 Air Magic
 + Level 3.7 Earth Magic
 + Level 3.7 Poison Magic
 + Level 5.0 Invocations
 + Level 4.5 Evocations


You had 7 spell levels left.
You knew the following spells:

 Your Spells              Type           Power        Failure   Level  Hunger
a - Infusion              Chrm           ####         1%          1    None
b - Shroud of Golubria    Chrm/Tloc      ####......   3%          2    None
c - Song of Slaying       Chrm           ####....     1%          2    None
d - Regeneration          Chrm/Necr      ####......   6%          3    #......
e - Spectral Weapon       Hex/Chrm       ####....     6%          3    #......
f - Call Canine Familiar  Summ           ###.....     11%         3    #......

Your spell library contained the following spells:

 Spells                   Type           Power        Failure   Level  Hunger
 Summon Small Mammal      Summ           ###.         3%          1    None
 Call Imp                 Summ           ###.....     5%          2    None
 Summon Guardian Golem    Hex/Summ       ###.....     11%         3    #......
 Summon Ice Beast         Ice/Summ       ###.....     36%         4    ###....
 Summon Lightning Spire   Summ/Air       ###.....     36%         4    ###....


Dungeon Overview and Level Annotations

Branches:
Dungeon (8/15)             Temple (1/1) D:5
   Lair: D:8-11

Altars:
Ashenzari
Cheibriados
Dithmenos
Elyvilon
Fedhas
Gozag
Kikubaaqudgha
Makhleb
Nemelex Xobeh
Okawaru
Qazlal
Ru
Sif Muna
Trog
Uskayaw
Vehumet
Wu Jian
Xom
Yredelemnul
Zin
The Shining One
Beogh

Shops:
D:4 :   D:5 [


Innate Abilities, Weirdness & Mutations

Your experience applies equally to all skills.
You have very sharp teeth.
Your uncanny sense of smell can sniff out nearby items.


Message History

The killer bee rages.
The killer bee misses you.
Your hound completely misses the killer bee.
The killer bee completely misses you. x2
Your hound bites the killer bee but does no damage.
The killer bee completely misses you.
You hear an angry buzzing noise.
Okay, then.
Unknown command.
Okay, then.
Unknown command.
You closely miss the killer bee.
The killer bee is heavily wounded.
You slash the killer bee! You miss the killer bee.
You hear an angry buzzing noise.
The killer bee completely misses you. x4; The killer bee stings you.
* * * LOW HITPOINT WARNING * * *
You are more poisoned.
The killer bee poisons you! The killer bee stings you!
You die...

.####'####.....#
.#.......'.....#
.#.......#.....#
.#.......#.....#
##.......#.....#
#######.#.....###
...........#
....####..†h#
..#.# ###y@# . #
#yy# ∆ ##y# ∆


yy# ∆ #.# #.. ∆ ... ... You could see a queen bee, 5 killer bees and a friendly
hound.

Vanquished Creatures
  Pikel (D:4)
  Eustachio (D:6)
  2 hungry ghosts
  A necrophage (D:7)
  3 orc warriors
  A sky beast (D:6)
  2 ogres (D:5)
  A black bear (D:6)
  A phantom (D:4)
  A centaur (D:6)
  A crocodile (D:7)
  A bullfrog (D:6)
  4 killer bees (D:8)
  A howler monkey (D:5)
  4 bullfrog zombies (D:5)
  A quasit (D:5)
  2 orc priests
  2 hounds (D:5)
  An iguana (D:7)
  A bullfrog skeleton (D:7)
  5 orc wizards
  A worker ant (D:6)
  A hound skeleton (D:6)
  2 worker ant zombies (D:6)
  Robin (D:4)
  A gnoll (D:1)
  7 adders
  2 shadow imps
  3 oozes
  An adder skeleton (D:6)
  3 worms
  6 leopard geckos
  41 orcs
  5 bats
  4 giant cockroaches
  13 goblins
  7 hobgoblins
  4 jackals
  6 kobolds
  3 quokkas
  A ball python (D:1)
  5 frilled lizards
  3 goblin zombies (D:7)
  4 hobgoblin zombies (D:7)
  A kobold skeleton (D:7)
  A kobold zombie (D:7)
  A leopard gecko skeleton (D:6)
  An orc skeleton (D:7)
  A quokka zombie (D:5)
  6 rats
172 creatures vanquished.

Vanquished Creatures (collateral kills)
  A killer bee (D:8)
  A crimson imp (D:7)
  A jelly (D:7)
  A hound (D:8)
  An iguana (D:7)
  A shadow imp (D:6)
6 creatures vanquished.

Vanquished Creatures (others)
  2 orc wizards
  5 orcs (D:4)
  A ball python (D:4)
8 creatures vanquished.

Grand Total: 186 creatures vanquished

Notes
Turn   | Place    | Note
-------+----------+-------------------------------------------
     0 | D:1      | dvd the Gnoll Skald began the quest for the Orb.
     0 | D:1      | Reached XP level 1. HP: 20/20 MP: 6/6
   238 | D:1      | Reached XP level 2. HP: 26/26 MP: 7/7
   640 | D:1      | Reached XP level 3. HP: 31/31 MP: 9/9
   889 | D:1      | Learned a level 2 spell: Shroud of Golubria
   892 | D:1      | Learned a level 2 spell: Song of Slaying
   896 | D:1      | Learned a level 3 spell: Regeneration
   900 | D:1      | Learned a level 3 spell: Spectral Weapon
   942 | D:2      | Reached skill level 5 in Spellcasting
  1048 | D:2      | Reached skill level 1 in Invocations
  1201 | D:1      | Reached skill level 1 in Short Blades
  1201 | D:1      | Reached skill level 1 in Long Blades
  1201 | D:1      | Reached skill level 1 in Maces & Flails
  1201 | D:1      | Reached skill level 1 in Polearms
  1201 | D:1      | Reached skill level 1 in Staves
  1201 | D:1      | Reached skill level 1 in Slings
  1201 | D:1      | Reached skill level 1 in Bows
  1201 | D:1      | Reached skill level 1 in Crossbows
  1201 | D:1      | Reached skill level 1 in Throwing
  1201 | D:1      | Reached skill level 1 in Stealth
  1201 | D:1      | Reached skill level 1 in Shields
  1201 | D:1      | Reached skill level 1 in Unarmed Combat
  1201 | D:1      | Reached skill level 1 in Evocations
  1406 | D:1      | Reached XP level 4. HP: 23/38 MP: 9/11
  1884 | D:3      | Reached skill level 1 in Conjurations
  1884 | D:3      | Reached skill level 1 in Hexes
  1884 | D:3      | Reached skill level 1 in Summonings
  1884 | D:3      | Reached skill level 1 in Necromancy
  1884 | D:3      | Reached skill level 1 in Translocations
  1884 | D:3      | Reached skill level 1 in Transmutations
  1884 | D:3      | Reached skill level 1 in Fire Magic
  1884 | D:3      | Reached skill level 1 in Ice Magic
  1884 | D:3      | Reached skill level 1 in Air Magic
  1884 | D:3      | Reached skill level 1 in Earth Magic
  1884 | D:3      | Reached skill level 1 in Poison Magic
  2282 | D:3      | Found a shimmering altar of Xom.
  2287 | D:3      | Found a white marble altar of Elyvilon.
  2382 | D:3      | Reached XP level 5. HP: 43/43 MP: 12/12
  2683 | D:4      | Noticed Robin
  2696 | D:4      | Killed Robin
  2771 | D:4      | Noticed a phantom
  2812 | D:4      | Killed a phantom
  2812 | D:4      | Reached XP level 6. HP: 45/50 MP: 5/13
  2907 | D:4      | Noticed a slave
  2908 | D:4      | Noticed a slave
  2909 | D:4      | Noticed Pikel
  2909 | D:4      | Noticed a slave
  2924 | D:4      | Noticed a slave
  2937 | D:4      | Killed Pikel
  2937 | D:4      | Reached skill level 5 in Fighting
  2937 | D:4      | Reached skill level 5 in Axes
  2937 | D:4      | Reached skill level 5 in Dodging
  2937 | D:4      | Reached XP level 7. HP: 56/56 MP: 13/15
  3178 | D:4      | Found Daock's Book Boutique.
  3476 | D:5      | Entered Level 5 of the Dungeon
  3560 | D:5      | Found an iron altar of Okawaru.
  3626 | D:5      | Reached XP level 8. HP: 59/63 MP: 16/16
  3895 | D:5      | Found a staircase to the Ecumenical Temple.
  3902 | Temple   | Entered the Ecumenical Temple
  3934 | Temple   | Became a worshipper of Ashenzari the Shackled
  4062 | D:5      | Found a runed translucent door.
  4076 | D:5      | Found Pohijiucha's Antique Armour Shoppe.
  4581 | D:5      | Found a blossoming altar of Fedhas.
  4848 | D:5      | Found a roughly hewn altar of Beogh.
  4965 | D:6      | Reached XP level 9. HP: 65/69 MP: 15/18
  4992 | D:6      | Noticed Eustachio
  5003 | D:6      | Killed Eustachio
  5469 | D:6      | Learned a level 3 spell: Call Canine Familiar
  6160 | D:7      | Found a glowing golden altar of the Shining One.
  6239 | D:7      | Reached skill level 5 in Armour
  6255 | D:7      | Reached * piety under Ashenzari
  6829 | D:8      | Noticed a queen bee
  6829 | D:8      | Reached skill level 5 in Invocations
  6834 | D:8      | Slain by a killer bee

Skill      XL: |  1  2  3  4  5  6  7  8  9 |
---------------+----------------------------+-----
Spellcasting   | 5 6 |  6.8
Invocations    | 1 2 3 4 5 |  5.0
Short Blades   | 1 2 3 4 |  4.5
Long Blades    | 1 2 3 4 |  4.5
Maces & Flails | 1 2 3 4 |  4.5
Polearms       | 1 2 3 4 |  4.5
Staves         | 1 2 3 4 |  4.5
Slings         | 1 2 3 4 |  4.5
Bows           | 1 2 3 4 |  4.5
Crossbows      | 1 2 3 4 |  4.5
Throwing       | 1 2 3 4 |  4.5
Stealth        | 1 2 3 4 |  4.5
Shields        | 1 2 3 4 |  4.5
Unarmed Combat | 1 2 3 4 |  4.5
Evocations     | 1 2 3 4 |  4.5
Conjurations   | 1 2 3 |  3.7
Hexes          | 1 2 3 |  3.7
Summonings     | 1 2 3 |  3.7
Necromancy     | 1 2 3 |  3.7
Translocations | 1 2 3 |  3.7
Transmutations | 1 2 3 |  3.7
Fire Magic     | 1 2 3 |  3.7
Ice Magic      | 1 2 3 |  3.7
Air Magic      | 1 2 3 |  3.7
Earth Magic    | 1 2 3 |  3.7
Poison Magic   | 1 2 3 |  3.7
Armour         | 3 4 5 |  5.3
Fighting       | 5 6 |  6.5
Axes           | 5 6 |  6.5
Dodging        | 5 6 |  6.5
Charms         | 6 |  6.7

Action                   |  1- 3 |  4- 6 |  7- 9 || total
-------------------------+-------+-------+-------++-------
Melee: Hand axe          |    96 |    48 |       ||   144
       Bite              |     5 |    19 |    45 ||    69
       Spear             |     1 |    32 |       ||    33
       Punch             |       |     3 |     5 ||     8
       Flail             |       |    68 |   378 ||   446
       War axe           |       |       |    19 ||    19
 Cast: Infusion          |     2 |     1 |       ||     3
       Shroud of Golubri |     2 |     6 |     4 ||    12
       Song of Slaying   |     2 |     1 |     5 ||     8
       Regeneration      |       |     4 |     5 ||     9
       Spectral Weapon   |       |     2 |     5 ||     7
       Call Canine Famil |       |       |     9 ||     9
Invok: Curse Item        |       |       |     2 ||     2
  Use: Potion            |       |     4 |     2 ||     6
       Scroll            |       |     2 |     1 ||     3
 Stab: Invisible         |       |     1 |       ||     1
       Sleeping          |       |     1 |     2 ||     3
  Eat: Chunk             |     1 |     6 |    21 ||    28
       Ration            |       |       |     1 ||     1
Armor: Leather armour    |     3 |       |       ||     3
       Ring mail         |    25 |    32 |   122 ||   179
       Scale mail        |       |     1 |       ||     1
Dodge: Dodged            |    72 |   143 |   522 ||   737
